 Dungeon Crawl Stone Soup version 0.24.0-29-g8ce449bc06 (webtiles) character file.

Game seed: 5211613648643276165, levelgen mode: deterministic

19504 FishyPogo the Fighter (level 12, -6/107 (108) HPs)
             Began as a Demonspawn Berserker on Nov 16, 2019.
             Was an Elder of Trog.
             Mangled by a blink frog (17 damage)
             ... on level 3 of the Lair of Beasts on Nov 17, 2019.
             The game lasted 01:39:53 (14196 turns).

FishyPogo the Fighter (Demonspawn Berserker)       Turns: 14196, Time: 01:39:54

HP:   -6/107 (108)  AC: 12    Str: 26      XL:     12   Next: 37%
MP:   16/16         EV: 20    Int: 10      God:    Trog [****..]
Gold: 568           SH:  6    Dex: 23 (24) Spells: 11/11 levels left

rFire    . . .     SeeInvis +   a - +2 dagger (elec)
rCold    . . .     Gourm    .   N - +0 buckler
rNeg     . . .     Faith    .   o - +2 leather armour "Ofryn" {*Drain +Inv Dex+9 SInv}
rPois    +         Spirit   .   (helmet restricted)
rElec    .         Reflect  .   T - +2 cloak
rCorr    .         Harm     .   (no gloves)
MR       +++..                  d - +2 pair of boots
Stlth    +++.......             n - amulet of regeneration
HPRegen  1.67/turn              (no ring)
MPRegen  0.15/turn              W - ring of protection from magic

@: mighty, mesmerised, regenerating
A: claws 1, horns 1, talons 2, thin skeletal structure 1, blurry vision 1,
demonic guardian 1, deterioration 1, poison resistance, powered by pain 3
a: Berserk, Trog's Hand, Brothers in Arms, Renounce Religion, Evoke Invisibility


You were on level 3 of the Lair of Beasts.
You worshipped Trog.
Trog was greatly pleased with you.
You were hungry.

You visited 2 branches of the dungeon, and saw 15 of its levels.

You collected 897 gold pieces.
You spent 329 gold pieces at shops.

Inventory:

Hand Weapons
 a - a +2 dagger of electrocution (weapon)
 V - the cursed +1 flail of Tenacity {crush, rElec rF+}
   (You took it off a centaur warrior on level 12 of the Dungeon)

   It inflicts extra damage upon your enemies.
   It protects you from fire.
   It insulates you from electricity.
   It has a curse placed upon it.
Missiles
 f - 102 stones
 s - 3 boomerangs
 D - 7 poisoned darts
 F - 6 javelins
 K - a throwing net
 U - 8 silver boomerangs (quivered)
Armour
 d - a +2 pair of boots (worn)
 o - the +2 leather armour "Ofryn" (worn) {*Drain +Inv Dex+9 SInv}
   (You bought it in a shop on level 11 of the Dungeon)

   It affects your dexterity (+9).
   It lets you see invisible.
   It lets you turn invisible.
   It causes draining when unequipped.
 q - a +0 troll leather armour
 v - +0 acid dragon scales
 N - a +0 buckler (worn)
 T - a +2 cloak (worn)
Jewellery
 n - an amulet of regeneration (around neck)
 S - an uncursed ring of poison resistance
 W - a ring of protection from magic (right claw)
Wands
 b - a wand of enslavement (11)
 L - a wand of iceblast (5)
 O - a wand of acid (18)
 P - a wand of digging (4)
 Q - a wand of flame (44)
 R - a wand of paralysis (16)
Scrolls
 e - 7 scrolls of magic mapping {unknown}
 g - 12 scrolls of identify
 i - 2 scrolls of random uselessness {unknown}
 j - 3 scrolls of fog {unknown}
 k - 5 scrolls of remove curse
 l - 2 scrolls of immolation {unknown}
 m - 8 scrolls of teleportation
 u - 4 scrolls of enchant armour {unknown}
 y - 4 scrolls of blinking {unknown}
 A - 3 scrolls of enchant weapon {unknown}
 B - 2 scrolls of amnesia {unknown}
 E - a scroll of summoning {unknown}
 G - 2 scrolls of noise {unknown}
 J - a scroll of fear
Potions
 h - a potion of flight
 p - 2 potions of lignification
 r - a potion of brilliance
 t - a potion of cancellation
 w - 9 potions of curing
 x - 5 potions of heal wounds
 z - 2 potions of might
 C - 6 potions of haste
 H - a potion of berserk rage
 I - 2 potions of magic
 M - 2 potions of invisibility
Comestibles
 c - 21 rations
 X - 3 chunks of flesh


   Skills:
 + Level 14.6 Fighting
 - Level 5.6(6.0) Short Blades
   Level 3.0(4.7) Long Blades
 + Level 6.0 Throwing
 * Level 5.5 Armour
 + Level 9.2 Dodging
 - Level 3.1 Stealth
 - Level 4.1 Shields
 - Level 6.0 Evocations


You had 11 spell levels left.
You didn't know any spells.
Your spell library contained the following spells:

 Spells                   Type           Power        Failure   Level  Hunger
 Animate Skeleton         Necr           N/A          38%         1    ##.....
 Apportation              Tloc           #.....       38%         1    ##.....
 Confusing Touch          Hex            #.....       38%         1    ##.....
 Summon Small Mammal      Summ           #...         38%         1    ##.....


Dungeon Overview and Level Annotations

Branches:
Dungeon (12/15)            Temple (0/1) D:7            Lair (3/6) D:11
 Shoals (0/4) Lair:3       Spider (0/4) Lair:2          Orc (0/2) D:12

Altars:
Ashenzari
Cheibriados
Elyvilon
Hepliaklqana
Kikubaaqudgha
Nemelex Xobeh
Ru
Sif Muna
Vehumet
Wu Jian
The Shining One

Shops:
D:9 !   D:11 *

Annotations:
D:9 2 transporters


Innate Abilities, Weirdness & Mutations

You have razor-sharp toenails.
You have a somewhat thin skeletal structure. (Dex +2, Stealth)
A weak demonic guardian rushes to your aid.
You are powered by pain.
You have sharp fingernails.
You have a pair of small horns on your head.
Scrolls take you a little longer to read.
Your body sometimes deteriorates upon taking damage.
Your system is resistant to poisons. (rPois)


Message History

The merfolk siren chants a haunting song.
You resist with almost no effort.
You puncture the blink frog!
Lightning courses through the blink frog!
You headbutt the blink frog!
You kill the blink frog!
Trog accepts your kill.
The merfolk siren chants its luring song.
The merfolk misses you.
The blink frog hits you but does no damage.
You puncture the blink frog! Your headbutt misses the blink frog.
The blink frog is heavily wounded.
The merfolk siren hits you from afar with a +0 spear!
* * * LOW HITPOINT WARNING * * *
Your ogre hits the blink frog with a +0 giant spiked club!!!
The blink frog dies!
Trog accepts your kill.
Your Throwing skill increases to level 6!
The blink frog hits you!
You die...

##...##..###..####.#...##..
##P.#.#.## ##..# ####.##
.P......# #..## #...#
......#.# #..# ###..##
..#.##### ###.## #!.≈##
.......####.#.P###.≈.#
##..##........###..O##
##..# ##......P##†≈≈# ....#
#..#...###@#)## ##... ##
#...###!Fm# ####.#
###..##m#≈# ### ## P
#...###.m≈# ..##
##.##....##..≈# ...##
#..##.....##.≈. ...P#
#......####..≈# #P.P#
##..#......###.. ##..#
#..#..#.###.#


You could see a merfolk, 2 merfolk sirens, a blink frog and a friendly ogre
(berserk).

Vanquished Creatures
  Erolcha (D:11)
  A centaur warrior (D:12)
  Nergalle (D:12)
  Pikel (D:5)
  An ugly thing (D:11)
  A merfolk siren (Lair:3)
  2 elephants (Lair:2)
  2 spiny frogs
  A kobold demonologist (D:12)
  A komodo dragon (Lair:2)
  2 trolls
  A hornet (D:12)
  2 blink frogs (Lair:3)
  Prince Ribbit (D:7)
  4 hippogriffs
  2 shadows
  22 yaks
  2 wyverns
  A wraith (D:11)
  A hungry ghost (D:12)
  4 vampire mosquitoes (D:12)
  Menkaure (D:6)
  A soldier ant (D:12)
  Duvessa (D:7)
  4 water moccasins
  2 porcupines (Lair:1)
  2 black bears (D:11)
  4 slaves (D:5)
  7 orc warriors
  3 ice beasts
  2 ogres
  6 phantoms
  A necrophage (D:6)
  6 centaurs
  2 crocodiles
  7 bullfrogs
  A big kobold (D:10)
  A wyvern zombie (D:6)
  4 scorpions
  Dowan (D:7)
  3 killer bees (D:12)
  5 crimson imps
  2 bullfrog zombies
  7 hounds
  3 jellies
  12 orc wizards
  2 centaur skeletons
  10 orc priests
  A gnoll shaman (D:6)
  2 bullfrog skeletons
  Terence (D:3)
  2 iguanas (D:8)
  5 worker ants
  A hound zombie (D:11)
  A hound skeleton (D:5)
  Robin (D:3)
  A worker ant zombie (D:7)
  9 adders
  7 gnolls
  A shadow imp (D:11)
  3 adder skeletons
  3 worms
  A dart slug (D:1)
  10 leopard geckos
  38 orcs
  2 giant cockroaches (D:1)
  18 goblins
  11 hobgoblins
  11 jackals
  2 quokkas
  2 ball pythons (D:1)
  4 bats
  2 frilled lizards
  18 kobolds
  A leopard gecko skeleton (D:8)
  A quokka skeleton (D:7)
  A quokka zombie (D:7)
  5 rats
319 creatures vanquished.

Vanquished Creatures (collateral kills)
  A deep elf mage (D:12)
  An ugly thing (D:11)
  2 elephants (Lair:2)
  A komodo dragon (D:12)
  A merfolk (D:10)
  A blink frog (Lair:3)
  2 yaks (D:11)
  A basilisk (D:12)
  Eustachio (D:6)
  3 orc warriors (D:12)
  2 ice beasts
  A necrophage (D:8)
  An ogre (D:9)
  A big kobold (D:7)
  2 bullfrogs
  A crimson imp (D:6)
  A hound (D:11)
  4 orc priests
  3 orc wizards
  2 iguanas
  A worker ant (D:12)
  A centaur simulacrum (D:12)
  A leopard gecko (D:5)
  11 orcs
  2 jackals (D:6)
  A quokka (D:5)
49 creatures vanquished.

Vanquished Creatures (others)
  A human (D:3)
  2 fungi (D:11)
3 creatures vanquished.

Grand Total: 371 creatures vanquished

Notes
Turn   | Place    | Note
-------+----------+-------------------------------------------
     0 | D:1      | FishyPogo the Demonspawn Berserker began the quest for the
                  | Orb.
     0 | D:1      | Reached XP level 1. HP: 18/18 MP: 1/1
   129 | D:1      | Gained mutation: A weak demonic guardian rushes to your
                  | aid. [demonic ancestry]
   129 | D:1      | Reached XP level 2. HP: 24/24 MP: 2/2
   306 | D:1      | Reached XP level 3. HP: 29/29 MP: 3/3
   659 | D:1      | Reached ** piety under Trog
   938 | D:2      | Gained mutation: You sometimes gain a little power by
                  | taking damage. [demonic ancestry]
   938 | D:2      | Reached XP level 4. HP: 32/37 MP: 4/4
  1088 | D:2      | Found a faded altar of an unknown god.
  1413 | D:2      | Found a glowing golden altar of the Shining One.
  1701 | D:3      | Reached skill level 4 in Fighting
  1755 | D:3      | Reached *** piety under Trog
  1784 | D:3      | Noticed Robin
  1800 | D:3      | Killed Robin
  1807 | D:3      | Gained mutation: You sometimes gain power by taking damage.
                  | [demonic ancestry]
  1807 | D:3      | Reached XP level 5. HP: 42/42 MP: 5/5
  1912 | D:3      | Found a white marble altar of Elyvilon.
  1995 | D:3      | Noticed Terence
  2266 | D:3      | Found an ancient bone altar of Kikubaaqudgha.
  2267 | D:3      | Noticed a human
  2269 | D:3      | Killed a human
  2397 | D:3      | Found a sparkling altar of Nemelex Xobeh.
  2397 | D:3      | Found a radiant altar of Vehumet.
  2505 | D:3      | Killed Terence
  2862 | D:4      | Gained mutation: You have a somewhat thin skeletal
                  | structure. (Dex +2, Stealth) [demonic ancestry]
  2862 | D:4      | Reached XP level 6. HP: 34/49 MP: 6/6
  2965 | D:4      | Found a shimmering blue altar of Sif Muna.
  3061 | D:4      | Noticed a skeletal warrior
  3137 | D:4      | You fall into a shaft and drop 2 floors!
  3139 | D:6      | Noticed Menkaure
  3149 | D:6      | Killed Menkaure
  3149 | D:6      | Reached skill level 5 in Fighting
  3149 | D:6      | Reached skill level 1 in Stealth
  3242 | D:6      | Reached XP level 7. HP: 46/56 MP: 7/7
  3311 | D:6      | Noticed Eustachio
  3317 | D:6      | Found an ornate altar of the Wu Jian Council.
  3397 | D:6      | Killed Eustachio
  3397 | D:6      | Reached **** piety under Trog
  3426 | D:6      | Reached skill level 5 in Dodging
  3451 | D:6      | Reached skill level 6 in Fighting
  3458 | D:6      | Gained mutation: You are powered by pain. [demonic
                  | ancestry]
  3458 | D:6      | Reached XP level 8. HP: 16/64 MP: 8/8
  3502 | D:5      | Entered Level 5 of the Dungeon
  4003 | D:5      | Reached skill level 7 in Fighting
  4057 | D:5      | Found a shattered altar of Ashenzari.
  4105 | D:5      | Noticed Pikel
  4353 | D:5      | Killed Pikel
  4353 | D:5      | Reached skill level 10 in Fighting
  4436 | D:5      | Reached skill level 11 in Fighting
  4436 | D:5      | Gained mutation: You have sharp toenails. [demonic
                  | ancestry]
  4436 | D:5      | Reached XP level 9. HP: 81/81 MP: 9/9
  4998 | D:6      | Reached skill level 12 in Fighting
  5025 | D:6      | Found a hazy altar of Hepliaklqana.
  5098 | D:7      | Noticed Dowan
  5104 | D:7      | Noticed Duvessa
  5114 | D:7      | Noticed Prince Ribbit
  5116 | D:7      | Killed Dowan
  5122 | D:7      | Killed Duvessa
  5187 | D:7      | Killed Prince Ribbit
  5187 | D:7      | Reached skill level 13 in Fighting
  5328 | D:7      | Found a sacrificial altar of Ru.
  5379 | D:7      | Found a staircase to the Ecumenical Temple.
  6432 | D:8      | Reached skill level 14 in Fighting
  6531 | D:8      | Reached ***** piety under Trog
  6531 | D:8      | Reached skill level 1 in Throwing
  6531 | D:8      | Reached skill level 1 in Evocations
  7023 | D:9      | Found a transporter.
  7116 | D:9      | Reached XP level 10. HP: 93/93 MP: 11/11
  7362 | D:9      | Found a transporter.
  7377 | D:9      | Found a snail-covered altar of Cheibriados.
  7480 | D:9      | Reached skill level 1 in Shields
  7513 | D:9      | Reached skill level 5 in Armour
  7584 | D:9      | Found Suaweh's Distillery.
  7592 | D:9      | Bought a potion of degeneration for 14 gold pieces
  7592 | D:9      | Bought a potion of heal wounds for 70 gold pieces
  7592 | D:9      | Bought a potion of curing for 42 gold pieces
  8134 | D:10     | Entered Level 10 of the Dungeon
  8477 | D:10     | Reached skill level 1 in Short Blades
  8718 | D:11     | Noticed Erolcha
  8766 | D:11     | Killed Erolcha
  8819 | D:11     | Noticed a green ugly thing
  8826 | D:11     | Killed a green ugly thing
  8981 | D:11     | Found a staircase to the Lair.
  9038 | D:11     | Found Wyesit's Assorted Antiques.
  9044 | D:11     | Bought a scorched leather armour for 203 gold pieces
  9054 | D:11     | Identified the +2 leather armour "Ofryn" {*Drain +Inv Dex+9
                  | SInv} (You bought it in a shop on level 11 of the Dungeon)
 10412 | D:11     | Reached XP level 11. HP: 91/99 MP: 13/13
 10464 | D:11     | Noticed a red ugly thing
 10493 | D:11     | Killed a red ugly thing
 11014 | D:12     | Received a gift from Trog
 11152 | D:12     | Identified the cursed +1 flail of Tenacity {crush, rElec
                  | rF+}
 11152 | D:12     | Noticed a centaur warrior
 11162 | D:12     | Killed a centaur warrior
 11162 | D:12     | Reached skill level 5 in Short Blades
 11162 | D:12     | Reached skill level 5 in Evocations
 11216 | D:12     | Noticed a deep elf mage
 11219 | D:12     | Killed a deep elf mage
 11582 | D:12     | Noticed Nergalle
 11616 | D:12     | Killed Nergalle
 11712 | D:12     | Noticed a sun demon
 11980 | D:12     | Gained mutation: You have a pair of small horns on your
                  | head. [potion of mutation]
 11980 | D:12     | Gained mutation: Scrolls take you a little longer to read.
                  | [potion of mutation]
 11980 | D:12     | Gained mutation: You are clumsy. (Dex -2) [potion of
                  | mutation]
 11980 | D:12     | Gained mutation: You have sharp fingernails. [potion of
                  | mutation]
 11989 | D:12     | Gained mutation: Your body sometimes deteriorates upon
                  | taking damage. [mutagenic glow]
 12045 | D:12     | Reached skill level 5 in Throwing
 12045 | D:12     | Gained mutation: You have razor-sharp toenails. [demonic
                  | ancestry]
 12045 | D:12     | Reached XP level 12. HP: 66/106 MP: 16/16
 12110 | D:12     | Found a staircase to the Orcish Mines.
 12409 | Lair:1   | Entered Level 1 of the Lair of Beasts
 13125 | Lair:2   | Found a hole to the Spider Nest.
 13144 | Lair:2   | Received a gift from Trog
 13359 | Lair:2   | Lost mutation: Scrolls take you a little longer to read.
                  | [potion of mutation]
 13359 | Lair:2   | Lost mutation: You are clumsy. (Dex -2) [potion of
                  | mutation]
 13359 | Lair:2   | Gained mutation: Scrolls take you a little longer to read.
                  | [potion of mutation]
 13359 | Lair:2   | Gained mutation: Your system is resistant to poisons.
                  | (rPois) [potion of mutation]
 14174 | Lair:3   | Found a staircase to the Shoals.
 14196 | Lair:3   | Mangled by a blink frog

Levels and vault maps discovered:
D:1:      minmay_arrival_up_and_down, layout_loops_cross, minmay_tromino_v4_c
D:2:      layout_loops_cross, chequers_ecumenical_altar_lobes,
          nicolae_tso_carved_into_rock
D:3:      layout_basic, old_standard_altar, gammafunk_temple_overflow_wave,
          tgw_kikubaaqudgha, uniq_terence, uniq_robin
D:4:      layout_loops_corners, led_sif_book, minmay_crystal_room,
          minmay_manual_monolith
D:5:      layout_rooms, ashenzari_altar_1, first_ration, uniq_pikel
D:6:      layout_cave_pools, lemuel_crystal_altar, kennysheep_mini_moat,
          uniq_eustachio, uniq_menkaure
D:7:      layout_layer_cave, nicolae_ru_path_of_blood,
          minmay_temple_entry_statues_fountains, minivault_5,
          uniq_prince_ribbit1, uniq_duvessa
D:8:      layout_basic
D:9:      gammafunk_steamed_eel, layout_cave_pods, serial_shops, shop_fountains,
          basic_altar
D:10:     layout_rooms, hangedman_fish_farm
D:11:     layout_loops_corners, grunt_lair_entry_orc_guard_hut, serial_shops,
          shop, uniq_erolcha
D:12:     layout_loops_corners, erik_orc_2, minmay_radiant, uniq_nergalle
Lair:1:   layout_cave_pods
Lair:2:   layout_gridlike, spider_nest_entry_web_field
Lair:3:   layout_loops_ring, elwin_shoals_entry_stream, beast_lair_carwin_1

Skill      XL: |  1  2  3  4  5  6  7  8  9 10 11 12 |
---------------+-------------------------------------+-----
Dodging        | 2 3 4 5 6 8 9 |  9.2
Armour         | 2 3 4 5 |  5.5
Long Blades    | 3 |  3.0
Fighting       | 4 5 6 11 14 | 14.6
Stealth        | 1 2 3 |  3.1
Throwing       | 2 4 5 6 |  6.0
Evocations     | 2 3 6 |  6.0
Shields        | 4 |  4.1
Short Blades   | 3 5 |  5.6

Action                   |  1- 3 |  4- 6 |  7- 9 | 10-12 || total
-------------------------+-------+-------+-------+-------++-------
Melee: Falchion          |    89 |   174 |   137 |       ||   400
       Dagger            |       |     8 |   282 |   333 ||   623
       Kick              |       |       |    88 |   258 ||   346
       Short sword       |       |       |       |   297 ||   297
       Headbutt          |       |       |       |    42 ||    42
Throw: Stone             |     1 |    13 |    27 |     2 ||    43
       Dart              |       |     9 |       |    46 ||    55
       Boomerang         |       |       |       |     6 ||     6
Invok: Berserk           |     5 |    10 |    12 |    15 ||    42
       Trog's Hand       |       |     1 |     1 |     4 ||     6
       Brothers in Arms  |       |       |       |     7 ||     7
 Abil: Evoke Invisibilit |       |       |       |     1 ||     1
  Use: Potion            |     1 |       |       |     7 ||     8
       Scroll            |       |     1 |     1 |     7 ||     9
 Stab: Distracted        |       |     2 |     4 |    10 ||    16
       Sleeping          |       |       |     8 |    14 ||    22
  Eat: Chunk             |     5 |    16 |    21 |    42 ||    84
       Ration            |       |       |     1 |       ||     1
Armor: Animal skin       |    10 |     8 |       |       ||    18
       Troll leather arm |       |    33 |    80 |    31 ||   144
       Leather armour    |       |       |       |    28 ||    28
       Skin              |       |       |       |     5 ||     5
Dodge: Dodged            |    65 |   137 |   329 |   354 ||   885
Block: Buckler           |       |       |       |    60 ||    60
       Rpst.: Falchion   |    20 |    41 |    45 |       ||   106
